 Dungeon Crawl Stone Soup version 0.27-a0-1384-g1422d76b99 (webtiles) character file.

Game seed: 16309143127810081632

554 dickylongcocking the Ducker (level 7, -2/53 HPs)
             Began as a Djinni Wanderer on July 1, 2021.
             Killed by divine providence
             ... invoked by an orc priest
              (16 damage)
             ... on level 4 of the Dungeon.
             The game lasted 00:07:09 (6366 turns).

dickylongcocking the Ducker (Djinni Wanderer)       Turns: 6366, Time: 00:07:10

Health: -2/53      AC:  6    Str: 15    XL:     7   Next: 55%
Gold:   30         EV: 11    Int: 13    God:
                   SH:  0    Dex: 11

rFire    + + .     SeeInvis .   a - +2 dagger
rCold    x . .     Faith    .   (no shield)
rNeg     . . .     Spirit   .   v - +0 scale mail
rPois    ∞         Reflect  .   (no helmet)
rElec    .         Harm     .   (no cloak)
rCorr    .         Rampage  .   (no gloves)
Will     .....                  (boots unavailable)
Stlth    ..........             (no amulet)
HPRegen  0.17/turn              (no ring)
MPRegen  0.00/turn              (no ring)

@: flying, studying Dodging
A: sickness immunity, fire resistance 2, cold vulnerability 1, float, innate
caster, hp casting, extra vitality 1
a: no special abilities


You were on level 4 of the Dungeon.
You visited 1 branch of the dungeon, and saw 4 of its levels.
You also visited: Sewer.

You collected 95 gold pieces.
You spent 65 gold pieces at shops.

Inventory:

Hand Weapons
 a - a +2 dagger (weapon)
 q - a +0 quarterstaff
 u - a +0 dagger of flaming
Missiles
 o - 4 atropa-tipped darts (quivered)
 r - a curare-tipped dart
Armour
 b - a +0 leather armour
 c - a +0 robe
 k - a +0 chain mail
 v - a +0 scale mail (worn)
Jewellery
 m - a ring of poison resistance
Scrolls
 f - a scroll of noise
 h - 2 scrolls of immolation
 i - a scroll of fear {unknown}
 j - a scroll of teleportation
 l - 2 scrolls of torment
 n - a scroll of blinking
 x - a scroll of amnesia {unknown}
 y - a scroll of enchant armour {unknown}
 z - a scroll of fog
 B - a scroll of magic mapping {unknown}
 D - a scroll of identify
Potions
 d - a potion of attraction {unknown}
 e - 2 potions of lignification {unknown}
 g - a potion of mutation {unknown}
 p - 3 potions of curing
 t - a potion of might {unknown}
 w - 3 potions of brilliance {unknown}
 A - a potion of flight {unknown}
 C - a potion of resistance {unknown}


   Skills:
 * Level 4.9 Fighting
 - Level 1.0 Crossbows
 + Level 1.4 Armour
 * Level 6.4 Dodging
 - Level 1.0 Stealth
 + Level 5.0 Spellcasting
 - Level 1.0 Evocations


You had 2 spell levels left.
You knew the following spells:

 Your Spells              Type           Power      Damage    Failure   Level
a - Foxfire               Conj/Fire      64%        2x1d7     10%         1
b - Summon Small Mammal   Summ           64%        N/A       10%         1
c - Call Canine Familiar  Summ           16%        N/A       28%         3
d - Animate Skeleton      Necr           32%        N/A       10%         1
e - Ensorcelled Hibernat  Hex/Ice        32%        N/A       14%         2
f - Dazzling Flash        Conj/Hex       32%        N/A       28%         3
i - Inner Flame           Hex/Fire       16%        N/A       28%         3

Your spell library contained the following spells:

 Spells                   Type           Power      Damage    Failure   Level


Dungeon Overview and Level Annotations

Branches:
Dungeon (4/15)              Sewer (visited)
 Temple: D:4-7

Altars:

Shops:
D:3 ?


Innate Abilities, Weirdness & Mutations

You are immune to sickness and miasma.
You are immune to poison.
Your flesh is very heat resistant. (rF++)
You are vulnerable to cold. (rC-)
You float through the air rather than walking.
You learn spells naturally, not from books.
Your magical power is your life essence.
You have superior vitality. (+4 HP)


Message History

The orc hits you but does no damage.
Unknown command.
You hit the orc priest.
The orc priest is heavily wounded.
Your hound bites the orc.
The orc priest calls down the wrath of Beogh upon you.
Beogh smites you!
* * * LOW HITPOINT WARNING * * *
The orc hits you with a +0 club.
* * * LOW HITPOINT WARNING * * *
Unknown command.
Unknown command.
You feel better.
Your hound bites the orc.
The orc priest calls upon Beogh to heal the orc.
The orc's wounds heal themselves!
The orc closely misses you.
Your hound closely misses the orc.
Unknown command.
Your hound completely misses the orc.
The orc priest hits you from afar with a +0 trident.
* * * LOW HITPOINT WARNING * * *
You feel better.
The orc is no longer blind.
The orc priest closely misses you. The orc barely misses your hound.
Your hound bites the orc.
Unknown command.
Casting: Call Canine Familiar (dangerous; 28% risk of failure)
Confirm with . or Enter, or press ? or * to list all spells.
Okay, then.
Casting: Call Canine Familiar (dangerous; 28% risk of failure)
Confirm with . or Enter, or press ? or * to list all spells.
* * * LOW HITPOINT WARNING * * *
Your hound disappears in a puff of smoke!
The orc priest hits you from afar with a +0 trident.
* * * LOW HITPOINT WARNING * * *
Your magical contamination has completely faded away.
Unknown command.
Unknown command.
You feel better.
Your hound bites the orc.
The orc dies!
The orc priest calls down the wrath of Beogh upon you.
Beogh smites you!
You die...

#.#.....#<.#...#....###.........
#.#.....#..#...')...# #..####...
#.####'##..#...#)...# #..# ...#
#..........#...#....###..# .....
############...#.....##..# ....#
.....#....###..# ....# ####
##########....###..# ... ....
...............# ..# ....
........)@h.)..##..## ....
...........)......... ....
...........o....#... ....
.......#........#.## ####
######.#.#.#..#)..# #
#.#.#.#..#...##.#
#.#.#.#..#.....
#############.#.#.##.#o..#....
...................#)#o..#....


You could see an orc priest (ally target) and a friendly hound (summoned).

Vanquished Creatures
  4 kobold brigands (Sewer)
  A hound (D:4)
  An orc wizard (D:3)
  2 hound skeletons (D:4)
  2 adders
  2 worms
  5 dart slugs
  10 orcs
  7 endoplasms
  A giant cockroach (D:1)
  9 goblins
  7 hobgoblins
  A quokka (D:4)
  14 ball pythons
  5 bats
  5 frilled lizards
  A jackal skeleton (D:4)
  14 kobolds
  9 rats
100 creatures vanquished.

Vanquished Creatures (collateral kills)
  A phantom (D:4)
  An orc priest (D:3)
  An adder (D:2)
  2 orcs
  A ball python (D:2)
6 creatures vanquished.

Vanquished Creatures (others)
  68 foxfires
  A fungus (Sewer)
  12 plants (Sewer)
81 creatures vanquished.

Grand Total: 187 creatures vanquished

Notes
Turn   | Place    | Note
-------+----------+-------------------------------------------
     0 | D:1      | dickylongcocking the Djinni Wanderer began the quest for
                  | the Orb.
     0 | D:1      | Reached XP level 1. HP: 17/17 MP: 0/0
   404 | D:1      | Reached XP level 2. HP: 19/22 MP: 0/0
   549 | D:1      | Found a faded altar of an unknown god.
   992 | D:1      | Reached XP level 3. HP: 14/28 MP: 0/0
   992 | D:1      | Learned a level 1 spell: Animate Skeleton
  1934 | D:2      | Reached skill level 1 in Dodging
  2046 | D:2      | Reached XP level 4. HP: 29/34 MP: 0/0
  3181 | D:3      | Reached skill level 2 in Dodging
  3681 | D:3      | Found a glowing drain.
  3741 | D:3      | Reached XP level 5. HP: 18/40 MP: 0/0
  3741 | D:3      | Learned a level 2 spell: Ensorcelled Hibernation
  3786 | Sewer    | Entered a sewer
  4020 | Sewer    | Noticed a kobold brigand
  4020 | Sewer    | Noticed a kobold brigand
  4031 | Sewer    | Killed a kobold brigand
  4031 | Sewer    | Killed a kobold brigand
  4032 | Sewer    | Reached skill level 4 in Dodging
  4032 | Sewer    | Reached XP level 6. HP: 26/47 MP: 0/0
  4247 | Sewer    | Reached skill level 5 in Dodging
  4247 | Sewer    | Reached XP level 7. HP: 47/53 MP: 0/0
  4247 | Sewer    | Learned a level 3 spell: Dazzling Flash
  4931 | D:3      | Found Qenaen's Magic Scroll Shop.
  5048 | D:3      | Bought a scroll of identify for 26 gold pieces
  5052 | D:3      | Bought a scroll of teleportation for 39 gold pieces
  5787 | D:4      | Reached skill level 6 in Dodging
  6349 | D:4      | Reached skill level 5 in Spellcasting
  6357 | D:4      | HP: 2/53 [orc (2)]
  6366 | D:4      | Killed from afar by an orc priest

Illustrated notes

Levels and vault maps discovered:
D:1:      heliophobic_arrival_henge, layout_loops_corners,
          ebering_ecumenical_altar_sacrificial, dk_noncrumbling_4,
          hangedman_glass_teeth, serial_park_tiny_pond
D:2:      layout_loops_ring, hangedman_abyss_or_decor_lesser_grid,
          minmay_tetromino_o2
D:3:      layout_basic, portal_sewer_entry_e, serial_shops,
          nicolae_shop_window_shopping
D:4:      layout_basic

Skill      XL: |  1  2  3  4  5  6  7 |
---------------+----------------------+-----
Fighting       | 2 3 4 |  4.9
Dodging        | 1 2 4 5 6 |  6.4
Spellcasting   | 5 |  5.0
Crossbows      | |  1.0
Armour         | |  1.4
Stealth        | |  1.0
Evocations     | |  1.0

Action                   |  1- 3 |  4- 6 |  7- 9 || total
-------------------------+-------+-------+-------++-------
Melee: Dagger            |   119 |   100 |   103 ||   322
 Cast: Foxfire           |     8 |       |    37 ||    45
       Summon Small Mamm |       |     3 |       ||     3
       Inner Flame       |       |     4 |     3 ||     7
       Call Canine Famil |       |     3 |     7 ||    10
       Ensorcelled Hiber |       |     2 |     1 ||     3
       Dazzling Flash    |       |       |     2 ||     2
  Use: Potion            |     1 |       |     8 ||     9
       Scroll            |       |       |     5 ||     5
 Stab: Sleeping          |     2 |     2 |       ||     4
Armor: Robe              |    18 |       |       ||    18
       Leather armour    |     3 |    28 |     3 ||    34
       Scale mail        |       |       |    59 ||    59
Dodge: Dodged            |    78 |    77 |    99 ||   254

Table legend: (Time is in decaauts)
 A = Elapsed time spent in this place.
 B = Non-inter-level travel time spent in this place.
 C = Inter-level travel time spent in this place.
 D = Time resting spent in this place.
 E = Time spent auto-exploring this place.
 F = Levels seen in this place.
 G = Mean time per level.
                   A        B        C        D        E       F      G
               +--------+--------+--------+--------+--------+-----+--------+
         Total |   6363 |   6259 |    104 |    806 |   4495 |   5 | 1272.6 |
       Dungeon |   5356 |   5252 |    104 |    551 |   3901 |   4 | 1339.0 |
         Sewer |   1006 |   1006 |      0 |    255 |    594 |   1 | 1006.0 |
               +--------+--------+--------+--------+--------+-----+--------+

Top non-repeatable levels by time:
     D:1: 1762 daAuts
     D:2: 1391 daAuts
     D:3: 1214 daAuts
   Sewer: 1006 daAuts
     D:4: 987 daAuts
